[Event "Friday 06 April Rapid Engine Tour 12+1 Rounds 9 Starts 1600ST"]
[Site "Infinity Chess"]
[Date "2018.4.6"]
[Round "7"]
[White "localhero"]
[Black "Eman"]
[Result "1/2-1/2"]
[ECO "C55"]
[WhiteElo "2396"]
[BlackElo "2489"]
[WhiteEngine "asmFishW_2017-10-04_popcnt"]
[BlackEngine "Eman 1.70-beta17 64-bit POPCNT"]
[EventType "Swiss"]
[WhiteTeam ""]
[BlackTeam ""]
[PlyCount "141"]
[TimeControl "720+1"]

1. e4 e5 2. Nf3 Nc6 3. Bc4 Nf6 4. d3 Bc5 5. c3 d6 6. O-O O-O 7. Bg5 a5 8. a4 h6 
9. Bh4 g5 10. Bg3 Ba7 11. Na3 Ne7 12. Re1 Nh5 13. Nc2 Nf4 14. d4 Neg6 
15. dxe5 Nxe5 16. Nxe5 dxe5 17. Ne3 Bxe3 18. fxe3 Ng6 19. Qxd8 Rxd8 20. Rf1 Be6 
21. Bxe6 fxe6 22. Rfd1 Kf7 23. c4 Rxd1+ 24. Rxd1 Ke7 25. c5 b5 26. axb5 Rb8 
27. Be1 Rxb5 28. c6 Kf6 29. Rd7 a4 30. Bc3 Rc5 31. Rxc7 a3 32. Rc8 Ne7 
33. Ra8 axb2 34. Bxb2 Nxc6 35. Rf8+ Kg6 36. Rc8 Rc2 37. Ba3 h5 38. Bd6 Kf6 
39. Rc7 g4 40. Kf1 Rc4 41. Ke2 Rc2+ 42. Kf1 Rc4 43. Be7+ Kg6 44. Kf2 Na5 
45. Rxc4 Nxc4 46. Ke2 Kf7 47. Bc5 Kf6 48. Kd3 Na5 49. Bb4 Nc6 50. Be1 Ke7 
51. Bh4+ Kd6 52. Ke2 Na5 53. Be1 Nc4 54. Bb4+ Kd7 55. Kd3 Nb2+ 56. Kd2 Na4 
57. Ke2 Nb6 58. Bc3 Kc6 59. Bxe5 Nd7 60. Bd4 Nc5 61. Bxc5 Kxc5 62. e5 Kd5 
63. Kd3 Kxe5 64. h3 Kf5 65. Kd4 h4 66. Kc5 Kf6 67. Kd6 gxh3 68. gxh3 Kf5 
69. Kc5 Ke4 70. Kd6 e5 71. Ke6 1/2-1/2

[Event "Friday 06 April Rapid Engine Tour 12+1 Rounds 9 Starts 1600ST"]
[Site "Infinity Chess"]
[Date "2018.4.6"]
[Round "7"]
[White "Murx"]
[Black "MarioDeMonti"]
[Result "1/2-1/2"]
[ECO "C45"]
[WhiteElo "2518"]
[BlackElo "2488"]
[WhiteEngine "BrainFish_180404_x64_bmi2"]
[BlackEngine "stockfish_x64_bmi2_2018_02_18_CTG"]
[EventType "Swiss"]
[WhiteTeam ""]
[BlackTeam ""]
[PlyCount "119"]
[TimeControl "720+1"]

1. e4 e5 2. Nf3 Nc6 3. d4 exd4 4. Nxd4 Nf6 5. Nxc6 bxc6 6. e5 Qe7 7. Qe2 Nd5 
8. c4 Nb6 9. Nc3 a5 10. f4 Qe6 11. Be3 Bb4 12. O-O-O Bxc3 13. bxc3 Rb8 
14. Bxb6 Rxb6 15. c5 Rb8 16. Qc4 Qg6 17. Qd3 Qh6 18. g3 O-O 19. Rd2 Re8 
20. Be2 d6 21. cxd6 cxd6 22. Qxd6 Be6 23. Bd1 Qh3 24. Re1 g6 25. Rf2 Bf5 
26. Bc2 Bxc2 27. Rxc2 Rb7 28. Rf2 Reb8 29. Ree2 h5 30. Qd3 h4 31. f5 hxg3 
32. Qxg3 Qh6+ 33. Qf4 Qf8 34. fxg6 Qa3+ 35. Rb2 Qxc3+ 36. Kd1 fxg6 37. Rxb7 Rxb7 
38. Qf8+ Kh7 39. Rf7+ Rxf7 40. Qxf7+ Kh6 41. e6 Qd4+ 42. Ke2 Qd5 43. a3 Qe4+ 
44. Kd2 Qd4+ 45. Kc1 Qc3+ 46. Kb1 Qxa3 47. Qf4+ Kh7 48. Qe4 Qe7 49. Kc1 a4 
50. Qxc6 a3 51. Qd7 Qg7 52. e7 Qc3+ 53. Kd1 Qb3+ 54. Kc1 Qc4+ 55. Kb1 Qb4+ 
56. Kc1 Qc4+ 57. Kb1 Qb3+ 58. Kc1 Qb2+ 59. Kd1 Qb3+ 60. Kc1 1/2-1/2

[Event "Friday 06 April Rapid Engine Tour 12+1 Rounds 9 Starts 1600ST"]
[Site "Infinity Chess"]
[Date "2018.4.6"]
[Round "7"]
[White "xeonrocks"]
[Black "KQRBNP"]
[Result "1-0 "]
[ECO "C58"]
[WhiteElo "2560"]
[BlackElo "2428"]
[WhiteEngine "Stockfish_x64_bmi2_CTG"]
[BlackEngine "Eman 1.70-beta17 64-bit POPCNT"]
[EventType "Swiss"]
[WhiteTeam ""]
[BlackTeam ""]
[PlyCount "211"]
[TimeControl "720+1"]

1. e4 e5 2. Nf3 Nc6 3. Bc4 Nf6 4. Ng5 d5 5. exd5 Na5 6. Bb5+ c6 7. dxc6 bxc6 
8. Be2 h6 9. Nh3 Bd6 10. d3 O-O 11. Nc3 Rb8 12. Ng1 Qc7 13. Nf3 Rd8 14. Nd2 Nd5 
15. Nce4 Be7 16. O-O c5 17. b3 Nc6 18. Bb2 Nd4 19. Nc4 Be6 20. Ned2 Nb4 
21. Bxd4 cxd4 22. Bf3 Bd6 23. h3 Re8 24. Nxd6 Qxd6 25. Nc4 Qc5 26. Re1 f6 
27. a4 Nd5 28. Bxd5 Bxd5 29. Qg4 Re6 30. f3 Qc7 31. Qf5 Qc5 32. a5 Qc7 
33. Re2 Qc6 34. Qh5 Qb5 35. Qg4 Rbe8 36. Qg3 Qb7 37. Qg4 Kh7 38. Qh5 R8e7 
39. Qg4 Re8 40. Qg3 Qc7 41. Qf2 R8e7 42. Qe1 Ra6 43. Qd2 Rd7 44. Ree1 Rd8 
45. Qf2 g5 46. Rec1 Kg7 47. Re1 Kg6 48. Rac1 Rc6 49. Ra1 Qd7 50. Qg3 Qc7 
51. Qf2 Qd7 52. Qg3 Qc7 53. Reb1 h5 54. Qe1 Qd7 55. a6 Qe6 56. Ra3 Rb8 
57. Ra5 h4 58. Rba1 Rc7 59. Kf2 Rc6 60. Qd2 Kh6 61. Ke1 Kh7 62. Kf2 Kg7 
63. Kg1 Rcc8 64. Re1 Kg6 65. Rea1 Rc7 66. R1a4 Rc6 67. Ra1 Rc7 68. Qe1 Rc6 
69. Qd1 Rc7 70. Qe1 Kf7 71. Kf2 Kg6 72. Qd1 Kg7 73. Kg1 Kg6 74. Qe2 Rc6 
75. Qf1 Kg7 76. R1a2 Rcc8 77. Qe1 Kg6 78. Qe2 Rd8 79. Qe1 Rdc8 80. R2a4 Rc6 
81. Qd2 Kg7 82. Ra1 Rc7 83. Qe1 Kg6 84. Qd2 Rcc8 85. Kh2 Qd7 86. Kg1 Qe6 
87. Kf1 Rd8 88. Rc5 Bxc4 89. Rxc4 Rb6 90. Qe2 Rd5 91. Raa4 Qf5 92. Ke1 Qd7 
93. Kd2 f5 94. Qe1 Kh5 95. Qa1 Rdd6 96. Ra5 Rb5 97. Rxb5 Qxb5 98. Qa3 Qd5 
99. Qb4 e4 100. Rc5 Qe6 101. dxe4 fxe4 102. f4 d3 103. cxd3 Qe7 104. Rxg5+ Kh6 
105. Rd5 Re6 106. Qxe7 1-0

[Event "Friday 06 April Rapid Engine Tour 12+1 Rounds 9 Starts 1600ST"]
[Site "Infinity Chess"]
[Date "2018.4.6"]
[Round "7"]
[White "Thinker"]
[Black "Prometheus"]
[Result "1/2-1/2"]
[ECO "C55"]
[WhiteElo "2446"]
[BlackElo "2461"]
[WhiteEngine "BrainFish_180404_x64_modern_CTG"]
[BlackEngine "Eman 1.70-beta15 64-bit BMI2"]
[EventType "Swiss"]
[WhiteTeam ""]
[BlackTeam ""]
[PlyCount "116"]
[TimeControl "720+1"]

1. e4 e5 2. Nf3 Nc6 3. Bc4 Nf6 4. d3 Bc5 5. c3 d6 6. O-O h6 7. h3 O-O 8. Re1 a5 
9. a4 Be6 10. Nbd2 Qd7 11. Bb5 Bxh3 12. gxh3 Qxh3 13. Nf1 Qg4+ 14. Kh1 Bxf2 
15. N1h2 Qh5 16. Re2 Bb6 17. Bd2 Ne7 18. d4 Rad8 19. Qf1 Ng6 20. Bd3 d5 
21. exd5 exd4 22. c4 c6 23. Ra3 cxd5 24. Rb3 Bc7 25. Rxb7 Bb8 26. cxd5 Nf4 
27. Bxf4 Bxf4 28. Ng1 Rb8 29. Rb5 Rxb5 30. axb5 Nxd5 31. Qh3 Qxh3 32. Nxh3 g5 
33. Ng4 Kg7 34. Bc4 Ne3 35. Nxf4 Nxc4 36. b3 Nd6 37. Nh5+ Kh7 38. Nhf6+ Kg7 
39. Rh2 Nxb5 40. Nh5+ Kh7 41. Ng3 f5 42. Rxh6+ Kg8 43. Rg6+ Kh7 44. Rh6+ Kg8 
45. Nf2 Nc3 46. Rg6+ Kf7 47. Rxg5 f4 48. Nh5 f3 49. Rxa5 Rh8 50. Rg5 Ke7 
51. Kh2 Ne2 52. Kh3 Nf4+ 53. Kg4 Nxh5 54. Rxh5 Rb8 55. b4 Rxb4 56. Re5+ Kd6 
57. Kxf3 Kxe5 58. Nd3+ Ke6 1/2-1/2

[Event "Friday 06 April Rapid Engine Tour 12+1 Rounds 9 Starts 1600ST"]
[Site "Infinity Chess"]
[Date "2018.4.6"]
[Round "7"]
[White "IronMan"]
[Black "Demoralisator"]
[Result "1/2-1/2"]
[ECO "C55"]
[WhiteElo "2477"]
[BlackElo "2547"]
[WhiteEngine "Eman 1.70-beta15 64-bit BMI2"]
[BlackEngine "Raubfisch X36b"]
[EventType "Swiss"]
[WhiteTeam ""]
[BlackTeam ""]
[PlyCount "89"]
[TimeControl "720+1"]

1. e4 e5 2. Nf3 Nc6 3. Bc4 Nf6 4. d3 Bc5 5. c3 O-O 6. O-O d6 7. Bg5 h6 8. Bh4 a6 
9. b4 Ba7 10. Nbd2 g5 11. Bg3 b5 12. Bb3 a5 13. a4 axb4 14. axb5 bxc3 15. Nc4 g4 
16. bxc6 gxf3 17. Rxa7 Rxa7 18. Qxf3 Nh7 19. d4 exd4 20. Qd3 Be6 21. Qxd4 Ra6 
22. Bc2 Rxc6 23. Ne3 Qg5 24. e5 Qg7 25. f4 dxe5 26. fxe5 Kh8 27. Be1 Ra6 
28. Bxc3 Rg8 29. h4 Ra2 30. Qd2 h5 31. Rf2 c5 32. Qd1 Ra3 33. Qd3 c4 34. Qd4 Ra2 
35. Qd2 Qh6 36. Qe1 Rg3 37. Nf5 Bxf5 38. e6+ Rxc3 39. Qxc3+ Qg7 40. Qxg7+ Kxg7 
41. Bxf5 Rxf2 42. Kxf2 fxe6 43. Bxe6 c3 44. Ke3 Kf6 45. Bb3 1/2-1/2

[Event "Friday 06 April Rapid Engine Tour 12+1 Rounds 9 Starts 1600ST"]
[Site "Infinity Chess"]
[Date "2018.4.6"]
[Round "7"]
[White "Marsell"]
[Black "MGR"]
[Result "1/2-1/2"]
[ECO "C53"]
[WhiteElo "2466"]
[BlackElo "2476"]
[WhiteEngine "asmFishW_2018-04-02_bmi2"]
[BlackEngine "CF 180327 64 POP N"]
[EventType "Swiss"]
[WhiteTeam ""]
[BlackTeam ""]
[PlyCount "95"]
[TimeControl "720+1"]

1. e4 e5 2. Nf3 Nc6 3. Bc4 Bc5 4. c3 Nf6 5. d3 d6 6. O-O O-O 7. h3 a5 8. Nbd2 h6 
9. Re1 Be6 10. b3 Ba7 11. Nf1 d5 12. exd5 Nxd5 13. Bd2 Qf6 14. N1h2 Rad8 
15. Rc1 Nf4 16. Bxf4 Bxc4 17. bxc4 Qxf4 18. Qc2 f5 19. Rb1 e4 20. dxe4 Bxf2+ 
21. Kxf2 fxe4 22. Qxe4 Qxh2 23. Re2 Rf4 24. Rxb7 Rxe4 25. Nxh2 Rf4+ 26. Nf3 Rc8 
27. Ke3 Rxc4 28. Kd2 Rc5 29. a3 Rd8+ 30. Kc2 Nd4+ 31. Nxd4 Rxd4 32. g3 Kf7 
33. Re5 Rdc4 34. Rxc5 Rxc5 35. Ra7 h5 36. h4 Ke6 37. a4 g5 38. hxg5 Kf5 
39. Kd3 Kg6 40. Ke4 Rxc3 41. Rxa5 Rxg3 42. Rc5 Rg4+ 43. Ke3 h4 44. Rc6+ Kh5 
45. a5 Rxg5 46. a6 Rg3+ 47. Kd4 Ra3 48. Rxc7 1/2-1/2

[Event "Friday 06 April Rapid Engine Tour 12+1 Rounds 9 Starts 1600ST"]
[Site "Infinity Chess"]
[Date "2018.4.6"]
[Round "7"]
[White "Brtroy"]
[Black "SkyPilot"]
[Result "1/2-1/2"]
[ECO "E73"]
[WhiteElo "2516"]
[BlackElo "2480"]
[WhiteEngine "Stockfish_18040400_x64_bmi2_CTG"]
[BlackEngine "stockfish_x64_bmi2_2018_03_30_CTG"]
[EventType "Swiss"]
[WhiteTeam ""]
[BlackTeam ""]
[PlyCount "174"]
[TimeControl "720+1"]

1. d4 Nf6 2. c4 g6 3. Nc3 Bg7 4. e4 d6 5. Be2 O-O 6. Nf3 e5 7. O-O Nc6 8. d5 Ne7 
9. Ne1 Ne8 10. f3 f5 11. Be3 f4 12. Bf2 g5 13. c5 dxc5 14. Bxc5 b6 15. Ba3 Nd6 
16. Nd3 a6 17. b3 Rf6 18. Rc1 Rg6 19. Nf2 h5 20. Bb2 b5 21. a4 Rb8 22. axb5 axb5 
23. Rc2 Bd7 24. Nd3 c6 25. dxc6 Nxc6 26. Nd5 Nf7 27. Rd2 Rd6 28. Nc5 Bc8 
29. Bc3 b4 30. Bb2 Kh8 31. Kh1 Qa5 32. Qc1 Nd4 33. Bxd4 exd4 34. Rc2 Rc6 
35. Ne7 Rc7 36. Nd3 Rxe7 37. Rxc8+ Rxc8 38. Qxc8+ Qd8 39. Qxd8+ Nxd8 40. h4 gxh4 
41. Nxf4 Ra7 42. Nxh5 Ne6 43. Bc4 Nc5 44. Rd1 d3 45. Bxd3 Nxb3 46. Bc4 Nc5 
47. Rd8+ Kh7 48. Nxg7 Kxg7 49. Kh2 Rc7 50. Rb8 Nxe4 51. Rxb4 Nf2 52. Bd5 h3 
53. gxh3 Nd3 54. Rg4+ Kh6 55. Rd4 Nc5 56. Rc4 Kg6 57. h4 Kf6 58. Kh3 Ke5 
59. Be4 Na6 60. Rxc7 Nxc7 61. h5 Ke6 62. h6 Kf7 63. Kh4 Nb5 64. Bh7 Nd4 
65. Kg4 Ne2 66. f4 Kf6 67. Kf3 Nd4+ 68. Kg4 Ne6 69. Bc2 Nc5 70. Bf5 Nb3 
71. Kh4 Nd4 72. Bd3 Kf7 73. Bh7 Ne6 74. Kg4 Kf6 75. Kg3 Nd4 76. Be4 Ne6 
77. Bc2 Nd8 78. Kh4 Nf7 79. Kh5 Nd8 80. Ba4 Ne6 81. f5 Ng5 82. Bd7 Nf7 
83. Be6 Ne5 84. Bb3 Nd7 85. Bd1 Nf8 86. Kg4 Kf7 87. Ba4 Nh7 1/2-1/2

[Event "Friday 06 April Rapid Engine Tour 12+1 Rounds 9 Starts 1600ST"]
[Site "Infinity Chess"]
[Date "2018.4.6"]
[Round "7"]
[White "THE_MACHINE"]
[Black "star99"]
[Result "1/2-1/2"]
[ECO "B53"]
[WhiteElo "2495"]
[BlackElo "2430"]
[WhiteEngine "BrainFish_180404_x64_bmi2"]
[BlackEngine "Cryptic Heroes 9.3B"]
[EventType "Swiss"]
[WhiteTeam ""]
[BlackTeam ""]
[PlyCount "135"]
[TimeControl "720+1"]

1. e4 c5 2. Nf3 d6 3. d4 Nf6 4. Nc3 cxd4 5. Nxd4 a6 6. Be3 e5 7. Nb3 Be7 
8. Be2 Be6 9. Qd3 Nc6 10. a3 Rc8 11. Nd5 O-O 12. c3 Nd7 13. Nd2 Nc5 14. Qc2 Nd7 
15. Qd3 Nc5 16. Bxc5 dxc5 17. O-O b5 18. Nxe7+ Nxe7 19. Qe3 Qb6 20. a4 Rfd8 
21. Ra3 Rb8 22. axb5 axb5 23. Rfa1 c4 24. Qxb6 Rxb6 25. Ra8 Rbd6 26. Nf1 g6 
27. Ne3 Rxa8 28. Rxa8+ Kg7 29. Kf1 Rb6 30. Bf3 h5 31. h4 Ng8 32. Bd1 Nf6 
33. Bc2 Nd7 34. Ke1 Nc5 35. Ra5 Nb7 36. Ra8 Nc5 37. Ke2 Ra6 38. Rxa6 Nxa6 
39. g3 Nc5 40. f4 f6 41. f5 Bf7 42. fxg6 Bxg6 43. Kf3 Kf7 44. Nd5 Nb7 45. b3 Nd6 
46. b4 Ke6 47. Nc7+ Kf7 48. Ke3 Ke7 49. Kf3 Bf7 50. g4 Bg6 51. Nd5+ Ke6 
52. gxh5 Bxh5+ 53. Kf2 f5 54. Nc7+ Kd7 55. Nxb5 Nxb5 56. Ba4 Kc6 57. exf5 Kb6 
58. Bxb5 Kxb5 59. Ke3 Kc6 60. b5+ Kxb5 61. Ke4 Kc6 62. Kxe5 Kd7 63. Kd5 Be2 
64. Kc5 Ke7 65. h5 Bxh5 66. f6+ Kf8 67. Kxc4 Kf7 68. Kb3 1/2-1/2

[Event "Friday 06 April Rapid Engine Tour 12+1 Rounds 9 Starts 1600ST"]
[Site "Infinity Chess"]
[Date "2018.4.6"]
[Round "6"]
[White "CoffeeOne"]
[Black "MedusaV3"]
[Result "1/2-1/2"]
[ECO "C55"]
[WhiteElo "2477"]
[BlackElo "2353"]
[WhiteEngine "stockfish_9"]
[BlackEngine "Eman 1.70-beta10 64-bit BMI2"]
[EventType "Swiss"]
[WhiteTeam ""]
[BlackTeam ""]
[PlyCount "147"]
[TimeControl "720+1"]

1. e4 e5 2. Nf3 Nc6 3. Bc4 Nf6 4. d3 Bc5 5. c3 a5 6. O-O d6 7. Nbd2 O-O 
8. Re1 Be6 9. Bb5 Qb8 10. Nf1 Qa7 11. Be3 Bxe3 12. Nxe3 Ng4 13. Ba4 Qb6 
14. Qc2 Nxe3 15. Rxe3 Kh8 16. Ng5 Bg4 17. Bb3 h6 18. h3 hxg5 19. hxg4 g6 
20. Rb1 Kg7 21. Rf3 Nb8 22. Rh3 Nd7 23. Qd2 a4 24. Bc4 f6 25. b4 axb3 
26. axb3 c6 27. b4 Qc7 28. g3 Nb6 29. Bb3 d5 30. Qe3 dxe4 31. Qxe4 Rh8 
32. Rxh8 Rxh8 33. d4 exd4 34. cxd4 Rd8 35. b5 Nd5 36. Re1 Rd6 37. Qe2 Rd7 
38. Qa2 Qd8 39. bxc6 bxc6 40. Re6 Rb7 41. Qa3 Qd7 42. Re4 Qf7 43. Bxd5 cxd5 
44. Re3 Qd7 45. Re1 Ra7 46. Qc5 Rc7 47. Qa5 Ra7 48. Qb6 Rb7 49. Qa6 Ra7 
50. Qe2 Ra8 51. Qd3 Qxg4 52. Qb5 Ra7 53. Qxd5 Qc8 54. Qf3 Qd7 55. d5 Qf5 
56. Qxf5 gxf5 57. f3 Ra3 58. Re7+ Kf8 59. Re6 Kf7 60. Kf2 Ra5 61. Rd6 Ke7 
62. Re6+ Kf7 63. Rd6 Ra2+ 64. Ke1 Ra3 65. Kf2 f4 66. g4 Ra7 67. Rc6 Rd7 
68. Rc5 Ke7 69. Rb5 Rd6 70. Rb7+ Rd7 71. Rb5 f5 72. gxf5 Kf6 73. Rb6+ Ke5 74. d6 
1/2-1/2

[Event "Friday 06 April Rapid Engine Tour 12+1 Rounds 9 Starts 1600ST"]
[Site "Infinity Chess"]
[Date "2018.4.6"]
[Round "6"]
[White "Dovahkiin"]
[Black "KhalidOmar"]
[Result "1/2-1/2"]
[ECO "B90"]
[WhiteElo "2338"]
[BlackElo "2416"]
[WhiteEngine "corchess_x64_modern_CTG"]
[BlackEngine "Eman 1.70-beta17 64-bit BMI2"]
[EventType "Swiss"]
[WhiteTeam ""]
[BlackTeam ""]
[PlyCount "127"]
[TimeControl "720+1"]

1. e4 c5 2. Nf3 d6 3. d4 cxd4 4. Nxd4 Nf6 5. Nc3 a6 6. f3 e5 7. Nb3 Be6 
8. Be3 Be7 9. Qd2 Nbd7 10. g4 O-O 11. O-O-O b5 12. g5 Nh5 13. Nd5 Bxd5 
14. exd5 f6 15. gxf6 Bxf6 16. Na5 Qe8 17. Bh3 Nf4 18. Bxf4 exf4 19. Rhe1 Ne5 
20. Re4 Kh8 21. Qe2 Qg6 22. Kb1 Bd8 23. Nc6 Nc4 24. Be6 Bb6 25. a4 Rae8 
26. Ka2 Qg5 27. Rd3 Qg1 28. h3 Bd8 29. c3 Bb6 30. Nb4 Ne3 31. Nxa6 bxa4 
32. Rb4 Bd8 33. Rxa4 g5 34. Rdd4 Bf6 35. Re4 Nf1 36. Qd1 Qf2 37. Re2 Ne3 
38. Rxf2 Nxd1 39. Rf1 Ne3 40. Rc1 h5 41. c4 g4 42. hxg4 hxg4 43. Rh1+ Kg7 
44. Bxg4 Nxg4 45. Rg1 Re2 46. Rxg4+ Kh7 47. Rb4 Ra8 48. Rb7+ Re7 49. Rb6 Rea7 
50. b4 Rxa6+ 51. Rxa6 Rxa6+ 52. Kb3 Rb6 53. Rxf4 Kg6 54. Re4 Kf5 55. Ka4 Rb7 
56. c5 dxc5 57. bxc5 Bc3 58. d6 Be5 59. Re3 Kf6 60. Rb3 Rxb3 61. Kxb3 Ke6 
62. f4 Bxf4 63. Kb4 Kd5 64. Kb5 1/2-1/2

[Event "Friday 06 April Rapid Engine Tour 12+1 Rounds 9 Starts 1600ST"]
[Site "Infinity Chess"]
[Date "2018.4.6"]
[Round "6"]
[White "hafaba"]
[Black "angriff"]
[Result "1-0"]
[ECO "C11"]
[WhiteElo "2453"]
[BlackElo "2359"]
[WhiteEngine "Eman 1.70-beta15 64-bit POPCNT_CTG"]
[BlackEngine "DracoREX 3.07 64BIT POPCNT_CTG"]
[EventType "Swiss"]
[WhiteTeam ""]
[BlackTeam ""]
[PlyCount "86"]
[TimeControl "720+1"]

1. e4 e6 2. d4 d5 3. Nc3 Nf6 4. e5 Nfd7 5. f4 c5 6. Nf3 Nc6 7. Be3 Qb6 
8. Na4 Qa5+ 9. c3 cxd4 10. b4 Nxb4 11. cxb4 Bxb4+ 12. Bd2 Bxd2+ 13. Nxd2 b6 
14. Bd3 Nc5 15. Nxc5 bxc5 16. O-O Bd7 17. Rb1 Qc7 18. Qg4 g6 19. Rfc1 O-O 
20. Qh3 Kg7 21. Bf1 c4 22. Qd3 Rfb8 23. Qxd4 Rb6 24. f5 gxf5 25. Rb3 Rg8 
26. Rh3 Rb7 27. Qf4 Kh8 28. Qh6 Rg7 29. Qf6 Kg8 30. Rcc3 f4 31. Qxf4 f5 
32. Nb3 Qb6+ 33. Nd4 Be8 34. Rhg3 Rbe7 35. h3 Rg6 36. Kh2 Reg7 37. Be2 Bf7 
38. Ra3 h6 39. Rxg6 Rxg6 40. Bd1 a5 41. Rg3 Rxg3 42. Qxg3+ Kh7 43. Qf4 Bg6 1-0

[Event "Friday 06 April Rapid Engine Tour 12+1 Rounds 9 Starts 1600ST"]
[Site "Infinity Chess"]
[Date "2018.4.6"]
[Round "6"]
[White "MarioDeMonti"]
[Black "Macho"]
[Result "1-0"]
[ECO "D30"]
[WhiteElo "2474"]
[BlackElo "2426"]
[WhiteEngine "stockfish_x64_bmi2_2018_02_18_CTG"]
[BlackEngine "asmFishW_2018-04-01_popcnt_CTG"]
[EventType "Swiss"]
[WhiteTeam ""]
[BlackTeam ""]
[PlyCount "223"]
[TimeControl "720+1"]

1. d4 d5 2. c4 e6 3. Nf3 Nf6 4. Nc3 c6 5. e3 Nbd7 6. Qc2 Bd6 7. Bd3 O-O 
8. O-O dxc4 9. Bxc4 a6 10. Rd1 b5 11. Bd3 Bb7 12. Ng5 h6 13. Nge4 Bc7 14. a3 a5 
15. Bd2 c5 16. dxc5 Bxh2+ 17. Kxh2 Ng4+ 18. Kh3 f5 19. Be2 b4 20. Be1 bxc3 
21. Ng3 Qe7 22. Qxc3 Nxc5 23. f3 Nxe3 24. Qxe3 f4 25. Qc3 fxg3 26. Bxg3 Rf5 
27. Kh2 e5 28. Qe3 Raf8 29. Rd2 e4 30. Rc1 Qe8 31. f4 Nd3 32. Rc7 Bc6 
33. Rc2 Bd5 34. Bg4 Qg6 35. Bxf5 Qxf5 36. Bh4 a4 37. Qh3 Qxh3+ 38. gxh3 Nxf4 
39. Rd7 Bb3 40. Rc5 Be6 41. Re7 Rb8 42. Rc2 Bb3 43. Rd2 Ne6 44. Bf2 Rf8 
45. Be1 Rf1 46. Bf2 Kh7 47. Kg2 Rb1 48. Kg3 Kg6 49. Rb7 Kf5 50. Rb5+ Kf6 
51. h4 g5 52. Rd6 Ke7 53. Ra6 Rd1 54. Kg4 Rd7 55. Ra7 Rxa7 56. Bxa7 Kf6 
57. Be3 Bd1+ 58. Kg3 Bc2 59. Bd2 Bb3 60. hxg5+ hxg5 61. Bc3+ Ke7 62. Kg4 Bc2 
63. Re5 Kf7 64. Rf5+ Ke8 65. Rd5 Kf7 66. Rf5+ Ke7 67. Bb4+ Ke8 68. Rd5 Kf7 
69. Bd2 Bb3 70. Ra5 Kg6 71. Bxg5 Bd1+ 72. Kh4 Nd4 73. Kg3 Bc2 74. Be3 Ne6 
75. Kf2 Kf6 76. Ke1 Bb3 77. Kd2 Ke7 78. Re5 Kd7 79. Rxe4 Nc7 80. Rh4 Nd5 
81. Kd3 Ke6 82. Kd4 Kf5 83. Rh5+ Ke6 84. Bg5 Ba2 85. Kc5 Bb3 86. Rh3 Ba2 
87. Bd2 Nf6 88. Rh6 Kf5 89. Bc3 Ne4+ 90. Kb4 Bb3 91. Rh5+ Kg6 92. Ra5 Bc2 
93. Rxa4 Kf7 94. Ra6 Ke7 95. a4 Nd6 96. a5 Be4 97. Rb6 Kd7 98. a6 Nc8 
99. Rh6 Kc7 100. Kc5 Bf5 101. Rc6+ Kd7 102. Ba5 Be4 103. Rc7+ Kd8 104. a7 Ba8 
105. Rb7+ Ke8 106. Rb8 Kd7 107. Rxa8 Nd6 108. Rd8+ Ke7 109. Rxd6 Kf8 
110. a8=R+ Ke7 111. Ra7+ Kf8 112. Rd8# 1-0

[Event "Friday 06 April Rapid Engine Tour 12+1 Rounds 9 Starts 1600ST"]
[Site "Infinity Chess"]
[Date "2018.4.6"]
[Round "6"]
[White "Vimtiroba"]
[Black "Nigi"]
[Result "1/2-1/2"]
[ECO "C44"]
[WhiteElo "2400"]
[BlackElo "2399"]
[WhiteEngine "SF9 ''M28''_CTG"]
[BlackEngine "stockfish_18022813_x64_bmi2"]
[EventType "Swiss"]
[WhiteTeam ""]
[BlackTeam ""]
[PlyCount "37"]
[TimeControl "720+1"]

1. e4 e5 2. Nf3 Nc6 3. h3 Nf6 4. Nc3 Bb4 5. Bd3 O-O 6. O-O d6 7. a3 Bxc3 
8. dxc3 h6 9. Re1 Re8 10. a4 a5 11. b3 Be6 12. Be3 Nd7 13. Nd2 Ne7 14. Qf3 Rf8 
15. Qg3 Kh8 16. Qh4 Kg8 17. Qg3 Kh8 18. Qh4 Kg8 19. Qg3 1/2-1/2

[Event "Friday 06 April Rapid Engine Tour 12+1 Rounds 9 Starts 1600ST"]
[Site "Infinity Chess"]
[Date "2018.4.6"]
[Round "6"]
[White "fati64"]
[Black "localhero"]
[Result "1/2-1/2"]
[ECO "C65"]
[WhiteElo "2431"]
[BlackElo "2395"]
[WhiteEngine "BrainFish_180404_x64"]
[BlackEngine "asmFishW_2017-10-04_popcnt"]
[EventType "Swiss"]
[WhiteTeam ""]
[BlackTeam ""]
[PlyCount "98"]
[TimeControl "720+1"]

1. e4 e5 2. Nf3 Nc6 3. Bb5 Nf6 4. d3 Bc5 5. Ba4 a6 6. c3 b5 7. Bb3 d6 8. Bg5 h6 
9. Bh4 O-O 10. O-O g5 11. Bg3 Ba7 12. Nbd2 Na5 13. Bc2 Nh5 14. Kh1 Nc6 
15. h3 Nxg3+ 16. fxg3 Kg7 17. a4 b4 18. Qe2 Rb8 19. a5 f6 20. g4 bxc3 
21. bxc3 Ne7 22. d4 Ng6 23. Rab1 Nf4 24. Qc4 Rxb1 25. Rxb1 h5 26. gxh5 Rh8 
27. Nf1 g4 28. hxg4 Bxg4 29. Rb7 Bb8 30. Bd1 Qc8 31. Qxa6 Bxh5 32. Kg1 Qg4 
33. Ne3 Nh3+ 34. Kf1 Qxe4 35. Qxd6 Qxe3 36. Qd7+ Bf7 37. gxh3 e4 38. Qg4+ Kh7 
39. Qd7 Kg6 40. Qg4+ Kh7 41. Qh4+ Kg7 42. Qg3+ Bg6 43. a6 exf3 44. Bxf3 Qd3+ 
45. Kg2 Qd2+ 46. Kf1 Qc1+ 47. Kg2 Qd2+ 48. Kf1 Qc1+ 49. Kg2 Qd2+ 1/2-1/2

[Event "Friday 06 April Rapid Engine Tour 12+1 Rounds 9 Starts 1600ST"]
[Site "Infinity Chess"]
[Date "2018.4.6"]
[Round "6"]
[White "MCDermont"]
[Black "Deep_Impact"]
[Result "1/2-1/2"]
[ECO "D11"]
[WhiteElo "2496"]
[BlackElo "2474"]
[WhiteEngine "BrainFish 010418 WM_CTG"]
[BlackEngine "BrainFish_180404_x64_modern"]
[EventType "Swiss"]
[WhiteTeam ""]
[BlackTeam ""]
[PlyCount "86"]
[TimeControl "720+1"]

1. d4 d5 2. c4 c6 3. Nf3 e6 4. Nc3 Nf6 5. Bg5 h6 6. Bxf6 Qxf6 7. e3 Nd7 
8. Be2 g6 9. O-O Bg7 10. e4 dxe4 11. Nxe4 Qf4 12. Qc2 f5 13. Ned2 c5 14. g3 Qd6 
15. Nh4 Kf7 16. d5 e5 17. Rae1 h5 18. Kg2 Nf6 19. b4 b6 20. bxc5 bxc5 
21. Ndf3 Nh7 22. Bd3 Re8 23. Nxf5 gxf5 24. Bxf5 Bxf5 25. Qxf5+ Kg8 26. Qxh5 e4 
27. Nd2 Nf6 28. Qg5 Re5 29. Qg6 Qe7 30. Re2 Rb8 31. Rfe1 Rb2 32. Nb3 Rxe2 
33. Rxe2 Qc7 34. Nd2 Qb6 35. h4 Kf8 36. Re1 Nxd5 37. Qxb6 Nxb6 38. Rxe4 Rxe4 
39. Nxe4 Bd4 40. Nd6 Be5 41. Ne4 Bd4 42. Nd6 Be5 43. Ne4 Bd4 1/2-1/2